AoeStats
← Tavik

Hideout

503712007Analyzed
2v2 RM · 1mo ago on Sep 1, 2026· 17m 59s· 4 players
Game mode
Random Map
Map size
Medium (4 player)
Population
200
Speed
Normal
Resources
Standard
Victory
Conquest
Starting age
Dark Age
Ending age
Imperial Age
RankedLock teamsTeams togetherTeam positionsShared explorationLock speedFull tech treeHidden civsTurbo modeCheats
Victory
Defeat
🇨🇿 Japanese · Czechia
1341
+13
🇨🇿 Saracens · Czechia
1298
+15
🇦🇷 Bulgarians · Argentina
1272
-14
🇦🇷 Bulgarians · Argentina
1272
-14
Soldado Erotico Noob
11:03 Feudal Age
16:29 Arson
REEE JUEGUITO
10:44 Feudal Age
9:31 Loom
14:58 Castle Age
13:58 Fletching
15:44 Bodkin Arrow
15:35 Town Watch
Tavik
13:14 Loom
15:00 Feudal Age
15:37 Man-at-Arms
Melioth
6:56 Loom
9:16 Feudal Age
10:42 Double-Bit Axe
14:43 Fletching
Connection lost

Rejoining the realm…

Still unreachable

The connection could not be restored.

Session expired

The server has moved on; the page needs a fresh start.